 Dungeon Crawl Stone Soup version 0.25-a0-426-g7d9e569eea (webtiles) character file.

Game seed: 6929702426689151014, levelgen mode: deterministic

294 Brozuf the Ruffian (level 6, -12/62 HPs)
             Began as an Ogre Transmuter on Jan 25, 2020.
             Killed from afar by Dowan (22 damage)
             ... with a shard of ice
             ... on level 4 of the Dungeon.
             The game lasted 00:07:58 (3850 turns).

Brozuf the Ruffian (Ogre Transmuter)                Turns: 3850, Time: 00:07:59

Health: -12/62     AC:  3    Str: 15    XL:     6   Next: 34%
Magic:  6/9        EV: 10    Int: 15    God:
Gold:   203        SH:  0    Dex: 10    Spells: 3/9 levels left

rFire    . . .     SeeInvis .     - Unarmed
rCold    . . .     Gourm    .   (no shield)
rNeg     . . .     Faith    .   b - +0 robe
rPois    .         Spirit   .   (helmet restricted)
rElec    .         Reflect  .   (no cloak)
rCorr    .         Harm     .   (gloves unavailable)
MR       .....                  (boots unavailable)
Stlth    +.........             (no amulet)
HPRegen  0.20/turn              (no ring)
MPRegen  0.11/turn              (no ring)

@: appendage, glowing
A: large, unfitting armour, talons 3, tough skin 1
a: End Transformation


You were on level 4 of the Dungeon.
You were near starving.
You had grown temporary talons.
You visited 1 branch of the dungeon, and saw 4 of its levels.

You collected 203 gold pieces.

Inventory:

Missiles
 a - 91 arrows
Armour
 b - a +0 robe (worn)
Scrolls
 g - a scroll of remove curse {@r2}
 i - 2 scrolls of identify {@r1}
 k - 2 scrolls of teleportation {@r4}
Potions
 f - a potion of brilliance
 h - 3 potions of curing {@q1}
 j - a potion of flight
 m - a potion of magic
Comestibles
 e - 7 rations {!d}


   Skills:
 + Level 4.2 Fighting
 + Level 2.2 Dodging
 * Level 4.5 Unarmed Combat
 - Level 2.4 Spellcasting
 - Level 3.0 Transmutations
 - Level 1.0 Poison Magic


You had 3 spell levels left.
You knew the following spells:

 Your Spells              Type           Power        Failure   Level  Hunger
a - Beastly Appendage     Tmut           ##....       6%          1    #......
s - Sticks to Snakes      Tmut           ##......     10%         2    ###....
x - Spider Form           Tmut/Pois      #.........   28%         3    ###....

Your spell library contained the following spells:

 Spells                   Type           Power        Failure   Level  Hunger
 Ice Form                 Ice/Tmut       #.......     75%         4    #####..
 Blade Hands              Tmut           ##........   86%         5    ######.


Dungeon Overview and Level Annotations

Branches:
Dungeon (4/15)
 Temple: D:4-7

Altars:

Annotations:
D:3 2 transporters, 1 exclusion, astraldaughter's ghost, amateur TeSu
D:4 Dowan


Innate Abilities, Weirdness & Mutations

You are too large for most types of armour.
You have tough skin. (AC +1)
You have claws for feet.


Message History

Duvessa hits you with a +0 short sword.
You hit Duvessa but do no damage.
Duvessa looks as sick as possible!
Duvessa barely misses you.
You hit Duvessa but do no damage.
Duvessa drinks a potion.
Duvessa is healed!
Duvessa looks more healthy.
You completely miss Duvessa.
Your transformation is almost over.
Duvessa completely misses you.
You hit Duvessa but do no damage.
Duvessa is poisoned.
Duvessa barely misses you.
You hit Duvessa but do no damage.
Duvessa looks as sick as possible!
Duvessa says, "Where magic fails, the sword succeeds!"
Duvessa completely misses you.
You hit Duvessa but do no damage. Duvessa misses you.
You hit Duvessa.
Duvessa looks as sick as possible!
Duvessa hits you with a +0 short sword.
You hit Duvessa but do no damage.
Duvessa looks as sick as possible!
Duvessa hits you with a +0 short sword!
* * * LOW HITPOINT WARNING * * *
You hit Duvessa but do no damage.
Duvessa looks as sick as possible!
Duvessa closely misses you.
You barely miss Duvessa. Duvessa hits you but does no damage.
Your transformation has ended.
Your +0 robe unmelds from your body.
Casting: Spider Form (safe; 30% risk of failure)
Your feet morph into talons.
Dowan, Brother of Duvessa comes into view.
He is wielding a +1 vampiric dagger.
Duvessa hits you with a +0 short sword!
* * * LOW HITPOINT WARNING * * *
Dowan points at you and mumbles some strange words.
You are outlined in light.
Unknown command.
There is a stone staircase leading up here.
You hit Duvessa. Your kick misses Duvessa.
Duvessa hits you with a +0 short sword.
* * * LOW HITPOINT WARNING * * *
You hit Duvessa.
You kill Duvessa!
Dowan screams, "No!
No!"
Dowan seems to find hidden reserves of power!
Training target 3.0 for Transmutations reached!
Your Fighting skill increases to level 4!
Your Transmutations skill increases to level 3!
You have reached level 6!
Your experience leads to an increase in your attributes!
Increase (S)trength, (I)ntelligence, or (D)exterity?
You feel agile.
You feel stronger.
Dowan points at you and mumbles some strange words.
The shard of ice hits you!!
You die...

...........+
#########.#
........#.#
###.....#.######
###.............+
..#..#####e######..
###.#................
...#..#..##.######..
####.##.#.....e)@#
......#.#.###.####
........#.# #.#
.......##.# #.#
.....#.##.# #.#
.....#..#.# #.#
......#.#.# #.#
©?.... .#.# #.#
#####. .#.# #.#


You could see Dowan.

Vanquished Creatures
  Duvessa (D:4)
  A centaur skeleton (D:4)
  An orc wizard (D:3)
  A hound skeleton (D:4)
  2 adders
  2 oozes
  3 dart slugs
  A leopard gecko (D:3)
  16 orcs (D:3)
  2 giant cockroaches (D:2)
  8 goblins
  5 hobgoblins
  10 jackals
  A quokka (D:2)
  2 ball pythons
  6 bats
  2 frilled lizards
  4 kobolds
  7 rats
75 creatures vanquished.

Notes
Turn   | Place    | Note
-------+----------+-------------------------------------------
     0 | D:1      | Brozuf the Ogre Transmuter began the quest for the Orb.
     0 | D:1      | Reached XP level 1. HP: 19/19 MP: 3/3
   226 | D:1      | Reached XP level 2. HP: 24/28 MP: 5/5
  1284 | D:2      | Reached XP level 3. HP: 35/36 MP: 4/6
  1306 | D:2      | Learned a level 3 spell: Spider Form
  1897 | D:2      | Learned a level 2 spell: Sticks to Snakes
  1991 | D:2      | Reached XP level 4. HP: 43/44 MP: 7/7
  2391 | D:3      | Reached skill level 1 in Poison Magic
  2557 | D:3      | Reached XP level 5. HP: 20/53 MP: 8/8
  2947 | D:3      | Noticed astraldaughter's ghost (amateur TeSu)
  2974 | D:3      | Found a transporter.
  3112 | D:3      | Found a transporter.
  3824 | D:4      | Noticed Duvessa
  3845 | D:4      | Noticed Dowan
  3850 | D:4      | Killed Duvessa
  3850 | D:4      | Reached XP level 6. HP: 10/62 MP: 6/9
  3850 | D:4      | Killed from afar by Dowan

Levels and vault maps discovered:
D:1:      dpeg_arrival_tiny_k, layout_basic, serial_forest,
          infiniplex_forest_lined_2, infiniplex_forest_side_room,
          infiniplex_forest_end_2, infiniplex_forest_straight_3,
          infiniplex_forest_lined_3_way, infiniplex_forest_clump_double,
          infiniplex_forest_straight_2
D:2:      layout_rooms
D:3:      layout_basic, gammafunk_ghost_stat_death
D:4:      layout_basic, gammafunk_ghost_arena, uniq_duvessa, uniq_robin

Skill      XL: |  1  2  3  4  5 |
---------------+----------------+-----
Unarmed Combat | 3 4 |  4.5
Fighting       | 2 3 4 |  4.2
Transmutations | 2 3 |  3.0
Poison Magic   | 1 |  1.0
Dodging        | 2 |  2.2
Spellcasting   | |  2.4

Action                   |  1- 3 |  4- 6 || total
-------------------------+-------+-------++-------
Melee: Unarmed           |   149 |   125 ||   274
       Headbutt          |     4 |     1 ||     5
       Kick              |     2 |     9 ||    11
       Punch             |     1 |     1 ||     2
 Cast: Beastly Appendage |     9 |    13 ||    22
       Spider Form       |       |     7 ||     7
  Use: Scroll            |       |     9 ||     9
  Eat: Chunk             |     4 |     5 ||     9
Armor: Robe              |    49 |    16 ||    65
Dodge: Dodged            |    82 |    66 ||   148

Table legend:
 A = Non-vault XP
 B = Vault XP
 C = Vault XP percentage of total XP
 D = Non-vault monster count
 E = Vault monster count
 F = Vault count percentage of total count
                 A         B        C        D         E       F
            +---------+---------+-------+---------+---------+-------
      Total |     276 |     145 |  34.4 |      74 |       1 |   1.3
            +---------+---------+-------+---------+---------+-------
        D:1 |      33 |       0 |   0.0 |      18 |       0 |   0.0
        D:2 |      55 |       0 |   0.0 |      23 |       0 |   0.0
        D:3 |     128 |       0 |   0.0 |      31 |       0 |   0.0
        D:4 |      60 |     145 |  70.7 |       2 |       1 |  33.3
            +---------+---------+-------+---------+---------+-------
